AoeStats
← Safe

Arabian Desert

509479648Analyzed
1v1 RM · 5d ago on Sep 26, 2026· 19m 12s· 2 players
Game mode
Random Map
Map size
Tiny (2 player)
Population
200
Speed
Normal
Resources
Standard
Victory
Conquest
Starting age
Dark Age
Ending age
Imperial Age
RankedLock teamsTeams togetherTeam positionsShared explorationLock speedFull tech treeHidden civsTurbo modeCheats
Victory
Defeat
🇩🇪 Burgundians · Germany
873
+15
🇸🇬 Vietnamese · Singapore
854
-15
SmaKuL3663
4:35 Loom
10:22 Feudal Age
10:58 Double-Bit Axe
Safe
6:25 Double-Bit Axe
7:25 Loom
11:07 Feudal Age
13:20 Bow Saw
18:59 Castle Age
18:41 Scale Barding Armor
19:37 Forging
Connection lost

Rejoining the realm…

Still unreachable

The connection could not be restored.

Session expired

The server has moved on; the page needs a fresh start.